[Event "53rd Mar Del Plata Open 2024"]
[Site "Mar Del Plata"]
[Date "2024.03.29"]
[Round "7.5"]
[White "Caruso, Tomas"]
[Black "Kiselev, Vitalii"]
[Result "0-1"]
[ECO "B28"]
[WhiteElo "2139"]
[BlackElo "2519"]
[Annotator "RC"]
[PlyCount "116"]
[EventDate "2024.03.23"]
[EventType "swiss"]
[EventCountry "ARG"]
[SourceTitle "playchess.com"]
[Source "ChessBase"]
[SourceQuality "1"]
[TimeControl "5400+30"]

1. e4 c5 2. Nf3 a6 3. c4 d6 4. d4 Bg4 5. dxc5 Bxf3 6. gxf3 Qa5+ 7. Nc3 dxc5 8. Qb3 Nd7 9. Bf4 O-O-O 10. O-O-O e6 11. Rg1 Ne7 12. Bg5 h6 13. Be3 Nc6 14. f4 g6 15. Bh3 Nd4 16. Bxd4 cxd4 17. Rxd4 Nc5 18. Rxd8+ Qxd8 19. Qd1 Nd3+ 20. Kc2 Nxf4 21. Qxd8+ Kxd8 22. Rd1+ Kc7 23. Bf1 Bd6 24. h3 g5 25. Ne2 Ng6 26. a3 Bc5 27. Bg2 a5 28. Kc3 Ne5 29. Nd4 a4 30. Rd2 Rc8 31. Bf1 Kb6 32. Nc2 Ka5 33. b4+ axb3 34. Kxb3 Kb6 35. Nb4 Ra8 36. a4 Bxb4 37. Kxb4 Nc6+ 38. Kb3 Rd8 39. Rxd8 Nxd8 40. Kc3 Nc6 41. Be2 Kc5 42. Bh5 Ne5 43. Be2 b6 44. Bf1 h5 45. Be2 h4 46. f3 Nc6 47. Kd3 Ne5+ 48. Kc3 f6 49. Bd1 Nxc4 50. Bb3 Ne5 51. Bxe6 Nxf3 52. Kd3 Ne5+ 53. Ke3 Kb4 54. Kd4 Kxa4 55. Kc3 b5 56. Bb3+ Ka3 57. Be6 b4+ 58. Kc2 g4 0-1

[Event "53rd Mar Del Plata Open 2024"]
[Site "Mar Del Plata"]
[Date "2024.03.29"]
[Round "7.6"]
[White "Menna Barreto, Felipe Kubiaki"]
[Black "Amigo Quintana, Antu"]
[Result "1/2-1/2"]
[ECO "D30"]
[WhiteElo "2273"]
[BlackElo "2057"]
[Annotator "RC"]
[PlyCount "106"]
[EventDate "2024.03.23"]
[EventType "swiss"]
[EventCountry "ARG"]
[SourceTitle "playchess.com"]
[Source "ChessBase"]
[SourceQuality "1"]
[TimeControl "5400+30"]

1. c4 e6 2. Nf3 d5 3. e3 Nf6 4. b3 c6 5. Bb2 Nbd7 6. d4 Bd6 7. Nbd2 O-O 8. Bd3 Qe7 9. Ne5 c5 10. a3 b6 11. O-O Bb7 12. Qe2 Ne4 13. Nxd7 Qxd7 14. dxc5 Nxc5 15. Bc2 Ne4 16. cxd5 exd5 17. Rfd1 Qe6 18. Nf3 Rac8 19. Rac1 Rfd8 20. Nd4 Qh6 21. g3 Bf8 22. b4 Nd6 23. Nf5 Qh3 24. Nxd6 Rxd6 25. Qf1 Qxf1+ 26. Kxf1 Rdc6 27. Bd3 Rxc1 28. Rxc1 Rxc1+ 29. Bxc1 g6 30. Bb2 Be7 31. b5 f6 32. a4 Kf7 33. Ke2 Ke6 34. Kd2 Bb4+ 35. Bc3 Bc5 36. f4 f5 37. Be2 Bd6 38. Bd4 Bc5 39. Kc3 Bxd4+ 40. Kxd4 Kd6 41. Bf3 Ba8 42. h3 h5 43. g4 hxg4 44. hxg4 Bb7 45. gxf5 gxf5 46. Bg2 Ba8 47. Bf1 Bb7 48. Be2 Bc8 49. Bh5 Be6 50. Bg6 Bd7 51. Bf7 Be6 52. Bg6 Bd7 53. Bf7 Be6 1/2-1/2

[Event "53rd Mar Del Plata Open 2024"]
[Site "Mar Del Plata"]
[Date "2024.03.29"]
[Round "7.7"]
[White "Romero Barreto, Jaime Jose"]
[Black "Granara Barreto, Sebastian"]
[Result "1-0"]
[ECO "B11"]
[WhiteElo "2320"]
[BlackElo "2108"]
[Annotator "RC"]
[PlyCount "89"]
[EventDate "2024.03.23"]
[EventType "swiss"]
[EventCountry "ARG"]
[SourceTitle "playchess.com"]
[Source "ChessBase"]
[SourceQuality "1"]
[TimeControl "5400+30"]

1. e4 c6 2. Nc3 d5 3. f4 dxe4 4. Nxe4 Nf6 5. Nf2 g6 6. Nf3 Bg7 7. g3 O-O 8. Bg2 c5 9. O-O Nc6 10. d3 Qb6 11. Nd2 Be6 12. c3 Rad8 13. Qe2 Qc7 14. Nde4 b6 15. h3 Bd5 16. a3 a5 17. Be3 Nh5 18. Nh1 f5 19. g4 fxg4 20. Qxg4 Qd7 21. Rad1 Qxg4 22. hxg4 Nf6 23. Nhf2 e5 24. f5 Ne7 25. Nxf6+ Bxf6 26. Ne4 gxf5 27. gxf5 Kh8 28. Kh2 Bxe4 29. dxe4 Nc6 30. Bf3 Rg8 31. Rd5 Ne7 32. Rxd8 Rxd8 33. Be2 Nc8 34. Bc4 Nd6 35. Bd5 Nb5 36. a4 Nc7 37. Bc4 Ne8 38. b4 axb4 39. cxb4 cxb4 40. Bxb6 Rd2+ 41. Rf2 Rxf2+ 42. Bxf2 Nd6 43. Bd5 b3 44. Bxb3 Nxe4 45. a5 1-0

[Event "53rd Mar Del Plata Open 2024"]
[Site "Mar Del Plata"]
[Date "2024.03.29"]
[Round "7.8"]
[White "Melian, Juan Sebastian"]
[Black "Schnaider, Ilan"]
[Result "1-0"]
[ECO "B23"]
[WhiteElo "2157"]
[BlackElo "2314"]
[Annotator "RC"]
[PlyCount "101"]
[EventDate "2024.03.23"]
[EventType "swiss"]
[EventCountry "ARG"]
[SourceTitle "playchess.com"]
[Source "ChessBase"]
[SourceQuality "1"]
[TimeControl "5400+30"]

1. e4 c5 2. Nc3 d6 3. f4 g6 4. Nf3 Bg7 5. Bb5+ Bd7 6. Bc4 Nc6 7. O-O e6 8. f5 exf5 9. Qe1 Nge7 10. d3 h6 11. Bf4 Ne5 12. exf5 Nxc4 13. dxc4 Bxf5 14. Rd1 O-O 15. Rxd6 Qe8 16. Qd2 Be6 17. Re1 Nf5 18. Rd3 Qc6 19. b3 Kh7 20. Nb5 Bf6 21. Ne5 Qb6 22. Ng4 Bh4 23. g3 Be7 24. Bxh6 Rfd8 25. Bg5 Rxd3 26. cxd3 Qd8 27. Bxe7 Qxe7 28. Qc3 Rd8 29. Nf6+ Kh6 30. Qd2+ Kg7 31. Nd5 Qd7 32. Qb2+ Kh6 33. Nf4 a6 34. Na3 Nd4 35. Qf2 Qc6 36. Re3 Kg7 37. Nc2 Nf5 38. Re5 b6 39. Qe2 Bc8 40. Nd5 Be6 41. Nf4 Bc8 42. Qe4 Qf6 43. Nd5 Qg5 44. Nce3 Rh8 45. Nxf5+ Bxf5 46. Qe3 Qh5 47. Qe2 Qg5 48. Re7 Be6 49. Qxe6 Qc1+ 50. Qe1 Qh6 51. Qe5+ 1-0

[Event "53rd Mar Del Plata Open 2024"]
[Site "Mar Del Plata"]
[Date "2024.03.29"]
[Round "7.9"]
[White "Spata, German"]
[Black "Petti, Luca Giovanni"]
[Result "1-0"]
[ECO "A28"]
[WhiteElo "2421"]
[BlackElo "2057"]
[Annotator "TA"]
[PlyCount "93"]
[EventDate "2024.03.23"]
[EventType "swiss"]
[EventCountry "ARG"]
[SourceTitle "playchess.com"]
[Source "ChessBase"]
[SourceQuality "1"]
[TimeControl "5400+30"]

1. c4 e5 2. Nc3 Nf6 3. Nf3 Nc6 4. e3 Bb4 5. Qc2 O-O 6. d3 d5 7. cxd5 Nxd5 8. Be2 Re8 {[%emt 0:03:12][%cal Oc6d4] The position is equal.} 9. O-O Be6 10. a3 {[%emt 0:03:22] Hoping for Nxd5.} Bf8 11. Nxd5 Bxd5 12. b4 a6 13. Bb2 f6 14. Rac1 Qd7 15. Nd2 Qf7 16. Ne4 Bxe4 (16... f5 $11 {remains equal.} 17. Nc5 Bxc5 18. Qxc5 Qd7) 17. dxe4 $16 {[%emt 0:00:22] Threatens to win with Bc4.} Kh8 18. Bc4 Qe7 19. Bd5 Qd7 20. Qa4 Reb8 21. h3 Qe8 22. Bxc6 bxc6 23. Rxc6 Rb6 24. Rfc1 a5 25. b5 {[%emt 0:03:48] White is much more active.} (25. bxa5 $2 Rxb2 26. a6 Ra2 $19) 25... Rab8 26. Rxb6 (26. Qxa5 $2 {loses.} Rxb5 27. Qa6 Rxb2 $19) ({Of course not} 26. Rxc7 $6 Qxb5 27. Qxb5 Rxb5 $11) (26. Bc3 {simplifies} Rxb5 27. Bxa5 R5b7 28. Bd2) 26... Rxb6 27. Rxc7 {[%emt 0:10:13][%cal Oc7c6] Rc6! is the strong threat.} Qxb5 {[%emt 0:00:25] [#]} 28. Rc8 $1 Kg8 29. Qd1 {[%emt 0:02:51][%cal Od1d8] White threatens Qd8! and mate.} (29. Qc2 {simplifies} Rb8 30. Rxb8 Qxb8 31. Bc3) 29... Kf7 $2 (29... Rb8 $16 {is tougher.} 30. Rxb8 Qxb8) 30. Qh5+ $2 (30. Qd8 $18 {has better winning chances.} Be7 31. Rc7) 30... Kg8 {[%emt 0:00:01] [#]} 31. Qd1 $2 $40 {[%emt 0:00:56][%mdl 8320] White attacks.} Kf7 $1 $18 32. Rc7+ $2 (32. a4 $18 {is more deadly.} Qxb2 33. Qd7+ Be7 34. Qe8+ Ke6 35. Rc7) 32... Kg8 $16 33. Rc2 (33. Qh5 $16 {Threatening mate with Qf7+.} Qb3 34. Bc3) 33... Kf7 {[%emt 0:06:07] [#]} (33... Qb3 $11 {keeps the balance.}) 34. a4 $1 Qb3 35. Kh2 Be7 $2 (35... h6 $16) 36. Qh5+ $18 Ke6 37. Rd2 (37. Rc7 {[%cal Oh5e8] Intending Qe8! and mate.} Qxb2 38. Qe8) 37... Qxa4 (37... Qb4 38. Bd4 Qxd2 39. Bxb6 Qd6) 38. Qxh7 $2 (38. Bxe5 $18 {and the rest is easy.} Qc6 39. f4 (39. Qxh7 Kf7 $18)) 38... Qe8 $2 (38... Kf7 $16) 39. Qxg7 {[%emt 0:00:58] And now f4 would win.} Qb8 {[%emt 0:01:22] [#]} 40. Ba3 Rb7 41. Qg4+ Kf7 42. Qh5+ Kg7 43. Bxe7 Rxe7 44. Qd1 {[%emt 0:00:23] Rd8 would now be deadly.} Ra7 (44... Qe8 $142 45. Rd8 Qg6) 45. Rd8 Qb5 46. Qg4+ Kf7 47. Qg8+ {[%emt 0:02:51] Weighted Error Value: White=0.63/Black=0.84.  Loses game:     	---       	Black=3      Missed win:     	White=3     	---        Mistake:       	White=3     	Black=4      Inaccurate:     	White=1     	Black=2      OK:         	White=15    	Black=11     Best:        	White=4     	Black=2      Strong:       	---       	Black=1      Brilliant:      	White=1     	---} 1-0

[Event "53rd Mar Del Plata Open 2024"]
[Site "Mar Del Plata"]
[Date "2024.03.29"]
[Round "7.10"]
[White "Flores, Diego"]
[Black "Coro, Lucas"]
[Result "1-0"]
[ECO "A29"]
[WhiteElo "2530"]
[BlackElo "2316"]
[Annotator "RC"]
[PlyCount "119"]
[EventDate "2024.03.23"]
[EventType "swiss"]
[EventCountry "ARG"]
[SourceTitle "playchess.com"]
[Source "ChessBase"]
[SourceQuality "1"]
[TimeControl "5400+30"]

1. c4 e5 2. Nc3 Nf6 3. Nf3 Nc6 4. g3 d5 5. cxd5 Nxd5 6. Bg2 Nb6 7. O-O Be7 8. d3 O-O 9. Be3 Re8 10. a4 a5 11. Rc1 Bf8 12. d4 exd4 13. Nxd4 Rxe3 14. fxe3 Ne5 15. Qb3 c6 16. Rcd1 Qc7 17. Ne4 Nd5 18. Ng5 Qe7 19. e4 Nc7 20. Rxf7 Nxf7 21. Rf1 Be6 22. Ndxe6 Nxe6 23. Nxf7 Re8 24. Bh3 g6 25. e5 Qc5+ 26. e3 Qd5 27. Qxd5 cxd5 28. Nd6 Re7 29. Bg2 Nc7 30. Nxb7 Bh6 31. Nxa5 Rxe5 32. Nc6 Rxe3 33. b4 d4 34. b5 Rb3 35. Ne5 Be3+ 36. Kh1 d3 37. Nc4 Bc5 38. Be4 Rb4 39. Bxd3 Rxa4 40. b6 Na6 41. b7 Nb8 42. Be4 Rb4 43. Bd5+ Kh8 44. Rd1 Kg7 45. Rf1 Kh8 46. Kg2 Rb5 47. Ra1 Kg7 48. Ra8 Ba7 49. Rxa7 Rxd5 50. Ra8 Rd8 51. Ne5 Rf8 52. h4 h5 53. Kh3 Rg8 54. Kh2 Rf8 55. Kg2 Rh8 56. Kf3 Rf8+ 57. Ke4 Re8 58. Kd5 Rd8+ 59. Kc5 Rf8 60. Kd6 1-0

[Event "53rd Mar Del Plata Open 2024"]
[Site "Mar Del Plata"]
[Date "2024.03.30"]
[Round "8.1"]
[White "Christiansen, Johan-Sebastian"]
[Black "Tristan, Leonardo"]
[Result "1-0"]
[ECO "C45"]
[WhiteElo "2633"]
[BlackElo "2521"]
[Annotator "TA"]
[PlyCount "69"]
[EventDate "2024.03.23"]
[EventType "swiss"]
[EventCountry "ARG"]
[SourceTitle "playchess.com"]
[Source "ChessBase"]
[SourceQuality "1"]
[TimeControl "5400+30"]

1. e4 e5 2. Nf3 Nc6 3. d4 exd4 4. Nxd4 Bc5 5. Nb3 Bb6 6. Nc3 Nf6 7. Bg5 h6 8. Bh4 d6 9. Qe2 g5 10. Bg3 Qe7 {[%emt 0:00:05] The position is equal.} 11. h4 Rg8 12. hxg5 hxg5 13. O-O-O Be6 14. Qd2 O-O-O 15. Re1 d5 (15... a6 $11) 16. exd5 $16 Nxd5 17. Nxd5 Rxd5 18. Qxd5 Bxd5 19. Rxe7 Nxe7 {[%emt 0:00:06] [#]} 20. c4 $1 Be6 21. c5 Bxb3 22. cxb6 Bd5 23. bxa7 b5 24. Bxb5 Kb7 25. Re1 Nf5 26. Re5 Be6 27. Bc4 Bxc4 28. Rxf5 Bxa2 $2 {[%emt 0:00:05][%mdl 12288] Endgame. [#] KRB-KRB. A mistake that costs the game.} (28... Kxa7 $16 {is a better chance.} 29. b3 (29. Bxc7 Rc8 $18) 29... Be6) 29. b3 $1 $18 {[%emt 0:00:52][%mdl 512] White is clearly winning.} Re8 30. Rb5+ (30. Rxf7 Bxb3 31. Rxc7+ Ka8 $18) ({Weaker is} 30. Rxg5 Ka8 31. Rb5 (31. Bxc7 Kxa7 32. Ra5+ Kb7 $18) 31... Re2 32. Bxc7 (32. Kd1 Rb2 $18) 32... Kxa7 $18) 30... Ka6 31. Re5 Rd8 32. Kb2 {[%emt 0:01:42][%cal Oe5a5] aiming for Ra5+!} Rd2+ 33. Kc3 Rd8 34. Re1 Bxb3 35. Ra1+ {[%emt 0:00:13] Weighted Error Value: White=0.45/Black=0.53.  Loses game:     	---       	Black=1      Mistake:       	---       	Black=1      Inaccurate:     	---       	Black=2      OK:         	White=14    	Black=7      Best:        	White=2     	Black=5      Strong:       	White=1     	---} 1-0

[Event "53rd Mar Del Plata Open 2024"]
[Site "Mar Del Plata"]
[Date "2024.03.30"]
[Round "8.2"]
[White "Acosta, Pablo Ismael"]
[Black "Felgaer, Ruben"]
[Result "1-0"]
[ECO "A35"]
[WhiteElo "2463"]
[BlackElo "2565"]
[Annotator "TA"]
[PlyCount "91"]
[EventDate "2024.03.23"]
[EventType "swiss"]
[EventCountry "ARG"]
[SourceTitle "playchess.com"]
[Source "ChessBase"]
[SourceQuality "1"]
[TimeControl "5400+30"]

1. c4 c5 2. Nc3 g6 3. Nf3 Bg7 4. e3 Nf6 5. d4 cxd4 6. Nxd4 O-O 7. Be2 d5 8. O-O Nc6 9. Bf3 {[%emt 0:21:25] A35: Symmetrical English: 2 Nc3 Nc6 3 Nf3.} (9. b3 $11) 9... Nxd4 10. Qxd4 Be6 {[%emt 0:00:26] With the idea ...Ne4.} 11. cxd5 $146 {[%emt 0:00:40] [#]} ({Predecessor:} 11. Qc5 Nd7 12. Qa3 Ne5 13. cxd5 Nxf3+ 14. gxf3 Bh3 15. Rd1 e6 16. e4 Qh4 17. dxe6 fxe6 {0-1 Holzklau,I (2168)-Thiering,E (2343) GER-ch36 fin email 2006}) 11... Nxd5 $1 12. Qa4 (12. Qc5 Nxc3) 12... Nb6 13. Qf4 Qb8 14. Rd1 Rd8 15. Qb4 Rxd1+ 16. Nxd1 Qd8 17. h3 Rc8 18. e4 Rc4 19. Qe1 Nd7 20. Ne3 (20. Be2 $15 Rc2 (20... Rxe4 21. Be3 $15) 21. Nc3 Bxc3 22. bxc3) 20... Ra4 $17 21. Nd5 Ne5 22. Bd1 Rd4 23. Bb3 Nd3 24. Qe2 Nc5 25. Bg5 $1 Rxe4 $2 {[%emt 0:01:08][%mdl 8192] [#]} (25... Nxe4 $2 26. Nxe7+ $18) (25... Nxb3 $15 {keeps the upper hand.} 26. Nxe7+ Qxe7 27. Bxe7 Nxa1) 26. Qxe4 $3 $18 Nxe4 27. Nxe7+ Qxe7 28. Bxe7 Bxb2 29. Rd1 Bxb3 30. axb3 {[%emt 0:00:04][%mdl 4096] Endgame. KRB-KBN} b6 31. g4 Bc3 32. Rd3 {[%emt 0:01:09] aiming for f3.} Bb2 (32... Kg7 $142 33. g5 Ba1) 33. f3 Nc5 34. Bxc5 bxc5 {[%emt 0:00:01] KR-KB} 35. Rd8+ Kg7 36. Ra8 Bc3 37. Kg2 ({Not} 37. Rxa7 c4 38. Rb7 (38. bxc4 $2 {is the wrong capture.} Bd4+ 39. Kg2 Bxa7 $19) 38... cxb3 39. Rxb3 Bd2 $16) 37... a5 38. f4 h6 39. Kf3 Kf6 40. Ra6+ Kg7 41. Ke4 Bd2 42. Rc6 Bb4 43. Kd5 h5 $2 (43... Be1 44. Rxc5 (44. Kxc5 Kh7 $18) 44... Bb4) 44. g5 Bd2 45. Ke4 Bb4 46. f5 1-0

[Event "53rd Mar Del Plata Open 2024"]
[Site "Mar Del Plata"]
[Date "2024.03.30"]
[Round "8.3"]
[White "Kiselev, Vitalii"]
[Black "Melian, Juan Sebastian"]
[Result "1-0"]
[ECO "E22"]
[WhiteElo "2519"]
[BlackElo "2157"]
[Annotator "TA"]
[PlyCount "92"]
[EventDate "2024.03.23"]
[EventType "swiss"]
[EventCountry "ARG"]
[SourceTitle "playchess.com"]
[Source "ChessBase"]
[SourceQuality "1"]
[TimeControl "5400+30"]

1. d4 Nf6 2. c4 e6 3. Nc3 Bb4 4. Qb3 c5 5. dxc5 Bxc5 6. Nf3 Qc7 7. Bg5 a6 8. e3 Be7 {[%emt 0:02:45] White has an edge.} 9. Be2 d6 10. O-O Nbd7 11. Rfd1 b6 12. Rac1 Bb7 13. a3 O-O 14. Qa2 Rac8 15. Nd2 Rfe8 16. Bf4 Qb8 17. b4 h6 18. h3 Red8 19. Rc2 Qa8 20. Bf3 Ne5 21. Bxe5 dxe5 22. Bxb7 Qxb7 23. Nf3 e4 24. Rxd8+ Rxd8 25. Nd4 Bd6 26. Nce2 Rc8 27. b5 axb5 28. cxb5 Rxc2 29. Nxc2 Qc7 30. a4 Qc5 31. Ncd4 Qb4 32. Kf1 {[%emt 0:09:09] Against Qe1+} Nd5 33. Qc2 Bc5 34. g3 Bxd4 (34... Qa3 $11) 35. Nxd4 $11 {[%emt 0:00:00][%cal Od4c6][%mdl 4096] Endgame. KQN-KQN} Nc3 36. Nc6 (36. Kg2 $16) 36... Qc4+ $2 {[%emt 0:00:00][%mdl 8192] [#] This move loses the game for Black.} ({Better is} 36... Qc5 $1 $14) 37. Ke1 $1 $18 f5 38. Kd2 Qxa4 39. Qxc3 Qxb5 40. Nd4 Qf1 41. Qc8+ (41. Nxe6 $6 Qxf2+ 42. Kc1 Qxg3 $16) 41... Kh7 42. Ne2 ({Less strong is} 42. Qxe6 Qd3+ 43. Kc1 Qf1+ 44. Kb2 Qxf2+ 45. Nc2 Qf1 $16) ({Worse is} 42. Nxe6 Qxf2+ 43. Kd1 (43. Kc3 Qxe3+ 44. Kb4 Qd2+ 45. Kb5 Qd3+ 46. Kxb6 Qxg3 $11) 43... Qxe3 $11) 42... Qb1 43. Qc2 ({Not} 43. Qxe6 Qd3+ 44. Ke1 Qb1+ 45. Kd2 Qd3+ 46. Ke1 Qb1+ 47. Kd2 $11) 43... Qf1 (43... Qb4+ $142 44. Kd1 Qd6+ 45. Ke1 Qd7) 44. Qb3 Qxf2 45. Qxe6 b5 46. g4 fxg4 {[%emt 0:05:12] Weighted Error Value: White=0.10 (very precise) /Black=0.26 (precise) .  Loses game:     	---       	Black=1      Mistake:       	White=1     	Black=2      Inaccurate:     	---       	Black=1      OK:         	White=14    	Black=9      Best:        	White=2     	Black=4      Strong:       	White=1     	---} 1-0

[Event "53rd Mar Del Plata Open 2024"]
[Site "Mar Del Plata"]
[Date "2024.03.30"]
[Round "8.4"]
[White "Villegas, Franco"]
[Black "Carrizo, Luciano Ariel"]
[Result "1/2-1/2"]
[ECO "B51"]
[WhiteElo "2328"]
[BlackElo "2176"]
[Annotator "RC"]
[PlyCount "138"]
[EventDate "2024.03.23"]
[EventType "swiss"]
[EventCountry "ARG"]
[SourceTitle "playchess.com"]
[Source "ChessBase"]
[SourceQuality "1"]
[TimeControl "5400+30"]

1. e4 c5 2. Nf3 d6 3. Bb5+ Nd7 4. c3 Ngf6 5. Qe2 a6 6. Ba4 e6 7. O-O Be7 8. d4 b5 9. Bc2 cxd4 10. cxd4 Bb7 11. Bf4 Rc8 12. Bd3 O-O 13. h3 Qb6 14. Nbd2 Rfd8 15. Bh2 Nf8 16. a4 b4 17. Nc4 Qa7 18. Rfc1 d5 19. exd5 Bxd5 20. Nce5 Bb7 21. Ng5 Rxc1+ 22. Rxc1 Qxd4 23. Rd1 Ne4 24. Ngxf7 Rd5 25. Re1 Nd6 26. Nxd6 Bxd6 27. Bc2 Qd2 28. Bb3 Rd4 29. Bg3 Qxe2 30. Rxe2 Bd5 31. Bxd5 Rxd5 32. Nc6 Bc5 33. Bf4 Rd1+ 34. Kh2 Rb1 35. a5 Kf7 36. Rd2 h6 37. Bc7 Rc1 38. Nd8+ Kf6 39. Nb7 Be7 40. Bf4 Rc6 41. Bd6 e5 42. Bb8 Rc8 43. Bd6 Rc6 44. Rd5 Nd7 45. Bxb4 Ke6 46. Rd1 e4 47. Rd4 Nf6 48. Bxe7 Kxe7 49. b4 Rc2 50. Nc5 Rxf2 51. Nxe4 Nxe4 52. Rxe4+ Kf7 53. Rc4 Rb2 54. Rc7+ Kf6 55. Rb7 Rb3 56. Rb6+ Kf5 57. Rxa6 Rxb4 58. Ra8 Ra4 59. a6 Kg6 60. Kg3 Ra2 61. Kf3 Kf7 62. h4 h5 63. g3 Ra3+ 64. Kf4 Kg6 65. Ra7 Kh7 66. Kg5 Rxg3+ 67. Kf5 Ra3 68. Ra8 Ra4 69. Kg5 Rg4+ 1/2-1/2

[Event "53rd Mar Del Plata Open 2024"]
[Site "Mar Del Plata"]
[Date "2024.03.30"]
[Round "8.5"]
[White "Coro, Lucas"]
[Black "Unhold, Valentin"]
[Result "0-1"]
[ECO "C78"]
[WhiteElo "2316"]
[BlackElo "2146"]
[Annotator "RC"]
[PlyCount "104"]
[EventDate "2024.03.23"]
[EventType "swiss"]
[EventCountry "ARG"]
[SourceTitle "playchess.com"]
[Source "ChessBase"]
[SourceQuality "1"]
[TimeControl "5400+30"]

1. e4 e5 2. Nf3 Nc6 3. Bb5 a6 4. Ba4 Nf6 5. d3 Bc5 6. O-O d6 7. c3 O-O 8. Re1 Ba7 9. Bg5 h6 10. Bh4 g5 11. Bg3 Ne7 12. d4 Ng6 13. Nbd2 Bg4 14. h3 Bh5 15. Qc2 Qe7 16. Bb3 Kh8 17. Qd3 Rg8 18. Nc4 Nf4 19. Bxf4 gxf4 20. Kh2 Rg7 21. Re2 Rag8 22. Rg1 Nh7 23. Ree1 Bxf3 24. Qxf3 Qh4 25. Nd2 exd4 26. Ref1 dxc3 27. bxc3 Ng5 28. Qe2 f3 29. Nxf3 Qf4+ 30. Kh1 Qxe4 31. Bd1 Qxe2 32. Bxe2 Ne4 33. g4 Bxf2 34. Bd3 Bxg1 35. Bxe4 Bc5 36. Bxb7 h5 37. g5 Rf8 38. Bxa6 f6 39. h4 fxg5 40. hxg5 Be3 41. Bb7 Bxg5 42. a4 Rb8 43. Bd5 Be3 44. Re1 Bb6 45. Re6 Rg4 46. c4 Kg7 47. Kh2 Ba5 48. Re7+ Kf6 49. Rf7+ Kg6 50. Kh3 c6 51. Be6 Re8 52. Ra7 Rxe6 0-1

[Event "53rd Mar Del Plata Open 2024"]
[Site "Mar Del Plata"]
[Date "2024.03.30"]
[Round "8.6"]
[White "Rodriguez, Mathias"]
[Black "Moreno Perez, Tobias Sebastian"]
[Result "0-1"]
[ECO "A07"]
[WhiteElo "2157"]
[BlackElo "2246"]
[Annotator "RC"]
[PlyCount "70"]
[EventDate "2024.03.23"]
[EventType "swiss"]
[EventCountry "ARG"]
[SourceTitle "playchess.com"]
[Source "ChessBase"]
[SourceQuality "1"]
[TimeControl "5400+30"]

1. g3 Nf6 2. Bg2 d5 3. Nf3 e6 4. O-O Bd6 5. b3 e5 6. c4 e4 7. Ne1 Be5 8. Nc3 dxc4 9. Ba3 Bxc3 10. dxc3 Qxd1 11. Rxd1 Be6 12. f3 Nbd7 13. Nc2 cxb3 14. Nd4 bxa2 15. Nxe6 fxe6 16. Rd2 b6 17. Bh3 Kf7 18. fxe4 Ne5 19. Rxa2 h6 20. Bc1 Ke7 21. Bf4 Nfd7 22. Rfa1 a5 23. Rd1 g5 24. Bc1 Nc4 25. Bf1 Nde5 26. Rd4 c5 27. e3 b5 28. Bxc4 Nxc4 29. Rxc4 bxc4 30. Ra4 Rhd8 31. Ba3 Rd1+ 32. Kg2 g4 33. Bxc5+ Kf7 34. Ra2 e5 35. Rb2 Rad8 0-1

[Event "53rd Mar Del Plata Open 2024"]
[Site "Mar Del Plata"]
[Date "2024.03.30"]
[Round "8.7"]
[White "Leskovar, Mario"]
[Black "Villarreal, Agustin"]
[Result "1-0"]
[ECO "C84"]
[WhiteElo "2164"]
[BlackElo "2285"]
[Annotator "RC"]
[PlyCount "120"]
[EventDate "2024.03.23"]
[EventType "swiss"]
[EventCountry "ARG"]
[SourceTitle "playchess.com"]
[Source "ChessBase"]
[SourceQuality "1"]
[TimeControl "5400+30"]

1. e4 e5 2. Nf3 Nc6 3. Bb5 a6 4. Ba4 Nf6 5. d4 exd4 6. O-O Be7 7. Re1 b5 8. e5 Nxe5 9. Nxe5 bxa4 10. Qxd4 O-O 11. Nc3 Rb8 12. a3 Bb7 13. Qxa4 Re8 14. Bg5 h6 15. Bh4 c6 16. Rad1 Nd5 17. Bxe7 Nxc3 18. Qc4 Rxe7 19. Qxc3 Qc7 20. Ng6 Re6 21. Ne7+ Kh8 22. Nf5 Rf6 23. Re5 d6 24. Re7 Qd8 25. Rxd6 Qxe7 26. Nxe7 Rxd6 27. h3 Re8 28. Nf5 Rf6 29. Ne3 Bc8 30. Qd3 Rg6 31. Kh2 Rf6 32. Kg1 Rg6 33. Kf1 Rf6 34. b4 Rfe6 35. g4 Kg8 36. c4 Rf6 37. Kg2 Rg6 38. c5 h5 39. Kg3 hxg4 40. hxg4 Rge6 41. Nf5 Re4 42. f3 Re2 43. Nd6 R8e3 44. Qd4 Be6 45. Ne8 f6 46. Qd8 Kf7 47. Nd6+ Kg6 48. Qe8+ Kh7 49. Qxc6 Rxa3 50. Ne4 Bf7 51. Qb7 Kg6 52. Qd7 Raa2 53. Qf5+ Kh6 54. g5+ fxg5 55. Qxg5+ Kh7 56. Qh4+ Kg6 57. Qg4+ Kh7 58. Kf4 Bg6 59. Qh4+ Kg8 60. Qd8+ Kf7 1-0

[Event "53rd Mar Del Plata Open 2024"]
[Site "Mar Del Plata"]
[Date "2024.03.30"]
[Round "8.8"]
[White "Jaque Gutierrez, Matias"]
[Black "Romero Barreto, Jaime Jose"]
[Result "1-0"]
[ECO "E62"]
[WhiteElo "2173"]
[BlackElo "2320"]
[Annotator "RC"]
[PlyCount "109"]
[EventDate "2024.03.23"]
[EventType "swiss"]
[EventCountry "ARG"]
[SourceTitle "playchess.com"]
[Source "ChessBase"]
[SourceQuality "1"]
[TimeControl "5400+30"]

1. d4 Nf6 2. c4 g6 3. g3 Bg7 4. Bg2 O-O 5. Nc3 d6 6. Nf3 c6 7. e4 Bd7 8. O-O Qc8 9. e5 dxe5 10. dxe5 Ng4 11. Bf4 Rd8 12. h3 Be6 13. Qc1 Bxc4 14. Re1 Na6 15. hxg4 Nb4 16. Re4 Nd3 17. Qc2 Be6 18. Bg5 Qc7 19. Nb5 Qb6 20. Nbd4 Nb4 21. Qc3 Bd5 22. Ree1 Nxa2 23. Qa3 f6 24. exf6 exf6 25. Bd2 Bf8 26. Qa5 Qxa5 27. Bxa5 b6 28. Bd2 Bc5 29. Ne6 Bxf3 30. Nxd8 Rxd8 31. Be3 Bxg2 32. Kxg2 Nb4 33. Bxc5 Nc2 34. Red1 Rxd1 35. Rxd1 bxc5 36. Rc1 Nb4 37. Rxc5 Kf7 38. Ra5 a6 39. Ra4 c5 40. Ra5 Nd3 41. b3 Ke6 42. Rxa6+ Ke5 43. f4+ Ke4 44. Rxf6 Ne1+ 45. Kf1 Nf3 46. Re6+ Kd5 47. Re2 Nd4 48. Re5+ Kc6 49. Re3 Kb5 50. Rd3 Nc6 51. f5 Ne5 52. f6 Kc6 53. Re3 Nxg4 54. Re6+ Kd7 55. f7 1-0